 Dungeon Crawl Stone Soup version 0.20-a0-650-gd54866b (webtiles) character file.

84581 GordonOverkill the Spry (level 15, -3/118 HPs)
             Began as a Vampire Chaos Knight on Feb 15, 2017.
             Slain by an ogre
             ... wielding a +0 giant club
             ... summoned by Xom
              (19 damage)
             ... on level 2 of the Orcish Mines on Feb 16, 2017.
             The game lasted 01:38:59 (22427 turns).

GordonOverkill the Spry (Vampire Chaos Knight)     Turns: 22427, Time: 01:38:59

Health: -3/118     AC: 19    Str: 17 (21) XL:     15   Next: 35%
Magic:  18/18      EV:  4    Int:  9 (14) God:    Xom [...*..]
Gold:   1849       SH: 14    Dex:  5 (12) Spells: 12/14 levels left

rFire    . . .     SeeInvis +   b - +4 demon blade (vamp)
rCold    + . .     Gourm    .   t - +1 plate armour {rPois}
rNeg     + . .     Faith    .   e - +0 large shield
rPois    +         Spirit   .   v - +1 hat {MR+}
rElec    .         Reflect  .   A - +0 cloak
rCorr    .         Harm     .   q - +1 pair of gloves
MR       +++..                  y - +0 pair of boots
Stlth    ..........             W - amulet of regeneration
Regen    0.7/turn               O - ring of protection from cold
MPRegen  0.2/turn               H - +5 ring of strength

@: drained
A: fangs 3, see invisible, blink, clumsy 1, deterioration 2, dopey 1, magic
resistance 1, mutation resistance 1, unbreathing
a: Bat Form, Blink, Renounce Religion


You were on level 2 of the Orcish Mines.
You worshipped Xom.
You were a favourite toy of Xom.
You were not thirsty.

You visited 3 branches of the dungeon, and saw 23 of its levels.
You also visited: Sewer and Ice Cave.

You collected 2190 gold pieces.
You spent 341 gold pieces at shops.

Inventory:

Hand Weapons
 a - a +5 scimitar of slicing
 b - a +4 vampiric demon blade (weapon)
Missiles
 f - a throwing net (quivered)
Armour
 e - a +0 large shield (worn)
 q - a +1 pair of gloves (worn)
 t - a +1 plate armour of poison resistance (worn)
 v - a +1 hat of magic resistance (worn)
 y - a +0 pair of boots (worn)
 A - a +0 cloak (worn)
 D - a +0 buckler
Jewellery
 r - a +2 ring of slaying
 G - a cursed ring of teleportation {unknown}
 H - a +5 ring of strength (left hand)
 O - a ring of protection from cold (right hand)
 Q - a +4 ring of evasion
 W - an amulet of regeneration (around neck)
 X - an uncursed ring of protection from magic
Wands
 p - a wand of iceblast (7/15)
 z - a wand of polymorph (15/24)
 F - a wand of flame (6/48)
 M - a wand of iceblast (7/15)
 P - a wand of confusion (21/48)
 S - a wand of confusion (12/48)
 U - a wand of flame (21/48)
 Y - a wand of confusion (24/48)
Scrolls
 h - 11 scrolls of teleportation
 i - a scroll of blinking
 j - 9 scrolls of recharging
 k - a scroll of magic mapping
 s - 2 scrolls of brand weapon
 u - 2 scrolls of identify
 C - 2 scrolls of fear
 J - 10 scrolls of remove curse
 K - 3 scrolls of enchant armour
 L - 2 scrolls of fog
Potions
 c - 52 potions of blood
 d - 2 potions of cancellation
 g - 3 potions of brilliance
 l - 3 potions of might
 m - 6 potions of curing
 n - 2 potions of agility
 o - 8 potions of ambrosia
 w - 3 potions of flight
 B - 3 potions of lignification
 V - a potion of magic
 Z - a potion of haste
Books
 I - a book of Death

   Spells                             Type                      Level
   a - Corpse Rot                     Necromancy                   2
   b - Sublimation of Blood           Necromancy                   2
   c - Agony                          Necromancy                   5
   d - Dispel Undead                  Necromancy                   5
   e - Excruciating Wounds            Charms/Necromancy            5
   f - Bolt of Draining               Conjuration/Necromancy       5


   Skills:
 - Level 11.0(10.4) Fighting
 - Level 14.2(13.5) Long Blades
 - Level 7.3(6.8) Armour
 + Level 16.1(15.5) Dodging
 - Level 4.5(4.0) Stealth
 * Level 7.9(7.3) Shields
 - Level 5.2(4.7) Necromancy
 - Level 4.3(3.8) Evocations


You had 12 spell levels left.
You knew the following spells:

 Your Spells              Type           Power        Failure   Level  Hunger
a - Animate Skeleton      Necr           N/A          100%        1    ##.....
b - Apportation           Tloc           #.....       100%        1    ##.....


Dungeon Overview and Level Annotations

Branches:
Dungeon (15/15)            Temple (0/1) D:6            Lair (6/6) D:9
  Swamp (0/4) Lair:2        Snake (0/4) Lair:4        Slime (0/5) Lair:5
    Orc (2/2) D:12            Elf (0/3) Orc:2        Vaults (0/5) D:13
 Depths (0/5) D:15

Altars:
Ashenzari
Dithmenos
Elyvilon
Okawaru
Trog
Vehumet
Xom
Yredelemnul

Shops:
D:4 !   D:10 (%*((   D:11 %   Orc:2 %:

Portals:
Trove: D:12 (give +4 fire dragon scales)

Annotations:
D:15 exclusion: obsidian statue
Lair:2 2 exclusions
Orc:1 Laan's ghost, adept NaFE


Innate Abilities, Weirdness & Mutations

You have razor-sharp teeth.
You have supernaturally acute eyesight. (SInv)
You can survive without breathing.
You can translocate small distances at will.
You are clumsy. (Dex -2)
Your body often deteriorates upon taking damage.
You are dopey. (Int -2)
You are resistant to hostile enchantments. (MR+)
You are somewhat resistant to further mutation.


Message History

The troll barely misses you. You block the troll's attack. The troll claws you.
Your plate armour prevents you from hitting the orc.
The orc is heavily wounded.
Xom gives a demonstration of destructive might.
The orc is outlined in light.
The ogre is outlined in light.
The orc is outlined in light.
The ogre hits you with a giant club. You block the orc's attack.
The orc warrior hits you with a short sword!
* * * LOW HITPOINT WARNING * * *
Xom is amused.
You slash the orc!
You kill the orc!
The orc's corpse disappears in a puff of smoke!
The troll bites you!
* * * LOW HITPOINT WARNING * * *
The troll claws you but does no damage. The troll claws you.
* * * LOW HITPOINT WARNING * * *
The ogre hits you with a giant club!!
You die...
Xom chortles!

#.......................
######..o...................
.##.##.........#.#..........
....o.o........##...........
....#.5.).).#.#...).........
....o†....)....o............
.#..†....))....o.#..........
..............oO#O.........
).)......#.#...T@o...........
)###.....#####.##§............
###.....## ##)##.(...........
# ##.####
#.)).(............... # ###
#....(............... #
##.#................. ##
###................. .#
##................ ##
##..##...........


You could see an orc knight, a troll, an orc warrior, 2 ogres and 2 orcs.

Vanquished Creatures
  A storm dragon (D:12)
  An ettin (Orc:2)
  A yaktaur captain (D:15)
  4 hydras
  A vault guard (D:13)
  A catoblepas (Lair:6)
  A merfolk avatar (Lair:6)
  5 centaur warriors
  An anaconda (D:11)
  2 two-headed ogres
  3 death yaks (Lair:6)
  An orc high priest (Orc:1)
  Urug (D:12)
  A fire crab (shapeshifter) (D:14)
  A shadow wraith (D:13)
  4 skeletal warriors (D:15)
  4 unseen horrors
  A wolf spider (D:13)
  An orc knight (Orc:2)
  2 harpies
  A deep elf mage (D:13)
  10 ugly things
  A manticore (D:15)
  An orc sorcerer (D:12)
  4 cyclopes
  9 elephants (Lair:6)
  A guardian serpent (Lair:3)
  3 black mambas
  2 gargoyles
  3 ice statues (IceCv)
  A spectral centaur (D:10)
  12 spiny frogs
  2 torpor snails
  4 centaur skeletons
  3 kobold demonologists (D:14)
  4 komodo dragons
  A yaktaur (D:15)
  9 rime drakes
  A freezing wraith (D:15)
  A tengu conjurer (D:15)
  A meliai (shapeshifter) (D:13)
  4 polar bears (Lair:6)
  2 wind drakes (Lair:6)
  6 trolls
  11 blink frogs
  A hornet (Lair:6)
  8 hippogriffs
  6 slime creatures (D:12)
  A meliai zombie (D:13)
  3 dream sheep (Lair:3)
  3 shadows
  A wyvern (D:14)
  2 vampires (D:13)
  A wraith (D:15)
  53 yaks
  2 hungry ghosts
  2 basilisks
  7 wargs
  3 nagas (Lair:4)
  12 water moccasins
  2 acid dragons
  2 swamp worms (Lair:2)
  10 porcupines
  29 orc warriors
  5 sky beasts
  Purgy (Sewer)
  3 eyes of draining
  A phantom (D:11)
  A hornet zombie (D:11)
  9 ice beasts
  3 boggarts (D:14)
  23 wolves
  26 centaurs
  11 ogres
  15 crocodiles
  3 big kobolds
  A gnoll sergeant (D:5)
  23 bullfrogs
  3 wyvern skeletons
  6 scorpions
  18 killer bees
  5 howler monkeys
  4 wights (D:11)
  2 electric eels (Lair:4)
  6 crimson imps
  3 centaur zombies
  3 bullfrog zombies
  6 bullfrog skeletons
  11 orc priests
  4 hounds
  A jelly (D:9)
  16 orc wizards
  Jessica (D:3)
  4 iguanas
  Natasha (twice) (D:3)
  12 worker ants
  2 killer bee zombies
  A hound zombie (D:11)
  4 hound skeletons
  18 gnolls
  12 adders
  7 shadow imps
  2 oozes
  2 adder zombies (D:6)
  An adder skeleton (D:3)
  A worm (D:3)
  3 dart slugs
  8 leopard geckos
  82 orcs
  8 giant cockroaches
  7 goblins
  3 hobgoblins
  5 jackals
  4 quokkas
  A ball python (D:8)
  9 bats
  12 frilled lizards
  2 giant cockroach zombies (D:5)
  15 kobolds
  A quokka skeleton (D:9)
  6 rats
  A plant (Lair:3)
731 creatures vanquished.

Vanquished Creatures (collateral kills)
  A two-headed ogre (D:8)
  2 ugly things (D:14)
  A blink frog (Lair:3)
  4 yaks (Lair:4)
  An orc warrior (D:12)
  An eye of draining (D:10)
  A centaur zombie (D:7)
  An orc priest (D:10)
  An orc wizard (D:12)
  An adder (D:8)
  An orc (D:12)
  A fungus (Lair:6)
16 creatures vanquished.

Vanquished Creatures (others)
  An adder (D:2)
  2 orcs
  A bush (Lair:6)
  14 fungi
  22 plants (Lair:6)
40 creatures vanquished.

Grand Total: 787 creatures vanquished

Notes
Turn   | Place    | Note
-------+----------+-------------------------------------------
     0 | D:1      | GordonOverkill the Vampire Chaos Knight began the quest for the Orb.
     0 | D:1      | Reached XP level 1. HP: 17/17 MP: 1/1
    20 | D:1      | XOM: harmless Fire miscast
   133 | D:1      | Reached skill level 1 in Stealth
   294 | D:1      | Reached XP level 2. HP: 23/23 MP: 2/2
   649 | D:1      | Upgraded the game from 0.20-a0-647-gf178af5 to 0.20-a0-650-gd54866b
   795 | D:1      | Reached XP level 3. HP: 26/28 MP: 3/3
  1359 | D:2      | XOM: harmless Conj miscast
  1416 | D:2      | XOM: god gift: 9 arrows
  1500 | D:3      | Noticed Natasha
  1505 | D:3      | Killed Natasha
  1505 | D:3      | Reached XP level 4. HP: 35/35 MP: 4/4
  1516 | D:3      | Reached skill level 3 in Dodging
  1530 | D:3      | XOM: 3-stop teleportation journey
  1645 | D:3      | Noticed Jessica
  1660 | D:3      | Killed Jessica
  1660 | D:3      | Reached XP level 5. HP: 41/41 MP: 5/5
  1681 | D:3      | XOM: summons 1 hostile shadow creature
  1906 | D:3      | Noticed Natasha
  1927 | D:3      | Learned a level 1 spell: Animate Skeleton
  1929 | D:3      | Learned a level 1 spell: Apportation
  2000 | D:3      | XOM: harmless Air miscast
  2074 | D:3      | XOM: mild Erth miscast
  2076 | D:3      | XOM: noise
  2231 | D:3      | Found a faded altar of an unknown god.
  2359 | D:3      | XOM: smoke on damage
  2364 | D:3      | Killed Natasha
  2424 | D:4      | Found Xenk's Distillery.
  2427 | D:4      | Bought a potion of heal wounds for 60 gold pieces
  2427 | D:4      | Bought a potion of haste for 120 gold pieces
  2664 | D:4      | Reached XP level 6. HP: 47/47 MP: 6/6
  2670 | D:4      | XOM: summons 3 hostile shadow creatures
  2697 | D:4      | Found a shattered altar of Ashenzari.
  2703 | D:4      | Reached skill level 5 in Long Blades
  2703 | D:4      | Reached skill level 1 in Necromancy
  2788 | D:4      | XOM: summons 3 hostile shadow creatures
  2822 | D:4      | Found a glowing drain.
  2841 | Sewer    | Entered a sewer
  2929 | Sewer    | Noticed Purgy
  2933 | Sewer    | XOM: swap monsters
  2942 | Sewer    | Killed Purgy
  2942 | Sewer    | Reached skill level 4 in Dodging
  3233 | D:4      | XOM: fake destruction
  3442 | D:5      | Entered Level 5 of the Dungeon
  3559 | D:5      | Reached XP level 7. HP: 48/53 MP: 7/7
  3607 | D:5      | XOM: 8-stop teleportation journey
  3676 | D:5      | XOM: cast spell 'Ring of Flames'
  3809 | D:5      | XOM: summons 3 hostile demons
  3898 | D:5      | XOM: give mutation
  3898 | D:5      | Gained mutation: You are clumsy. (Dex -2) [Xom's mischief]
  3979 | D:5      | XOM: blink monster(s)
  4156 | D:5      | XOM: noise
  4241 | D:6      | XOM: enchant monster (bad)
  4340 | D:6      | Reached XP level 8. HP: 41/60 MP: 8/8
  4569 | D:6      | XOM: confuse monster(s)
  4574 | D:6      | XOM: confusion
  4589 | D:6      | XOM: smoke on damage
  4592 | D:6      | Reached skill level 5 in Dodging
  4634 | D:6      | XOM: polymorph adder -> iguana
  4640 | D:6      | Reached skill level 1 in Shields
  4814 | D:6      | Found a staircase to the Ecumenical Temple.
  4994 | D:6      | XOM: give mutation
  4994 | D:6      | Gained mutation: You are weak. (Str -2) [Xom's mischief]
  5217 | D:7      | XOM: mild Necr miscast
  5576 | D:8      | XOM: destruction
  5613 | D:8      | XOM: noise
  5638 | D:8      | XOM: harmless Ice miscast
  5737 | D:8      | Reached skill level 6 in Dodging
  5747 | D:8      | XOM: summons friendly ufetubus
  5762 | D:8      | Noticed a two-headed ogre
  5765 | D:8      | XOM: butterfly on damage
  5770 | D:8      | XOM: summons friendly iron imp
  5773 | D:8      | XOM: scenery: create altars
  5788 | D:8      | XOM: summons 2 friendly demons
  5800 | D:8      | Killed a two-headed ogre
  5800 | D:8      | Reached skill level 5 in Necromancy
  5800 | D:8      | Reached XP level 9. HP: 30/64 MP: 9/9
  5893 | D:8      | Found a white marble altar of Elyvilon.
  5893 | D:8      | Found a radiant altar of Vehumet.
  5898 | D:8      | Found an iron altar of Okawaru.
  5900 | D:8      | Found a shadowy altar of Dithmenos.
  5901 | D:8      | Found a faded altar of an unknown god.
  5945 | D:8      | XOM: butterfly on damage
  6223 | D:8      | XOM: summons friendly iron imp
  6256 | D:8      | XOM: polymorph iron imp -> crimson imp
  6532 | D:8      | XOM: harmless Erth miscast
  6636 | D:9      | Reached skill level 7 in Dodging
  6675 | D:9      | XOM: blink monster(s)
  6678 | D:9      | XOM: divination: detect creatures
  6958 | D:10     | Entered Level 10 of the Dungeon
  6958 | D:10     | Noticed an unseen horror
  6973 | D:10     | Killed an unseen horror
  6973 | D:10     | Reached skill level 10 in Long Blades
  6973 | D:10     | Reached XP level 10. HP: 67/73 MP: 10/10
  7006 | D:10     | XOM: divination: detect items
  7085 | D:10     | Noticed a spectral centaur warrior
  7108 | D:10     | XOM: smoke on damage
  7129 | D:10     | XOM: cast spell 'Metabolic Englaciation'
  7142 | D:10     | Killed a spectral centaur warrior
  7142 | D:10     | Reached skill level 5 in Fighting
  7142 | D:10     | Reached skill level 8 in Dodging
  7192 | D:9      | XOM: enchant monster (good)
  7247 | D:10     | Found Eptitwaann's Antique Weapon Emporium.
  7282 | D:10     | Found Bouf's Food Shop.
  7285 | D:10     | XOM: scenery: create altars
  7291 | D:10     | XOM: confuse monster(s)
  7325 | D:10     | XOM is BORED!
  7325 | D:10     | XOM: medium Divn miscast
  7349 | D:10     | Found Teats's Assorted Antiques.
  7357 | D:10     | Bought a scroll labeled SUDWEDWEITH for 28 gold pieces
  7359 | D:10     | Lost mutation: You are weak. (Str -2) [potion of mutation]
  7359 | D:10     | Lost mutation: You are clumsy. (Dex -2) [potion of mutation]
  7359 | D:10     | Gained mutation: Your spells are a little harder to cast, but a little more powerful. [potion of mutation]
  7359 | D:10     | Gained mutation: Your magical capacity is low. (-10% MP) [potion of mutation]
  7359 | D:10     | Gained mutation: You have sharp toenails. [potion of mutation]
  7359 | D:10     | Gained mutation: You are somewhat resistant to further mutation. [potion of mutation]
  7364 | D:10     | Found Ecyc's Antique Weapon Emporium.
  7503 | D:10     | Found Qehuiwkur's Antique Weapon Emporium.
  7512 | D:10     | XOM: polymorph yak -> eye of draining
  7516 | D:10     | XOM: summons 10 friendly demons
  7546 | D:10     | Bought a glowing scimitar for 133 gold pieces
  8061 | D:9      | XOM: fog
  8097 | D:9      | XOM: 7-stop teleportation journey
  8133 | D:9      | XOM: mild Fire miscast
  8190 | D:9      | XOM: noise
  8264 | D:9      | XOM: mild Tmut miscast
  8273 | D:9      | Reached skill level 9 in Dodging
  8307 | D:9      | Found a staircase to the Lair.
  8336 | D:9      | Reached skill level 1 in Armour
  8337 | D:9      | XOM: summons 2 friendly demons
  8341 | D:9      | XOM: summons 4 friendly demons
  8360 | D:9      | Reached XP level 11. HP: 31/81 MP: 9/9
  8470 | D:9      | Found a basalt altar of Yredelemnul.
  8473 | D:9      | Found a bloodstained altar of Trog.
  8602 | D:9      | XOM: god gift: polished great sword {god gift}
  8605 | D:9      | Got a polished great sword {god gift}
  8611 | D:9      | Identified the +1 great sword "Louniuqecs" {chaos, MR+ Str+4 SInv} (Xom gifted it to you on level 9 of the Dungeon)
  8835 | D:11     | Found Wetil's Food Emporium.
  8927 | D:11     | XOM: polymorph ice beast -> rime drake
  8952 | D:11     | XOM: medium Summ miscast
  9003 | D:11     | Noticed Fannar
  9015 | D:11     | XOM: noise
  9018 | D:11     | Noticed Fannar
  9018 | D:11     | Fannar changed into Fannar the anaconda
  9018 | D:11     | XOM: polymorph Fannar -> Fannar the anaconda
  9029 | D:11     | Killed Fannar the anaconda
  9030 | D:11     | XOM: divination: magic mapping
  9061 | D:11     | Got a jewelled ring mail
  9067 | D:11     | XOM: god gift: knobbly cabochon ring {god gift}
  9072 | D:11     | Identified the cursed +0 ring mail "Noucy" {rC- MP+9 Int+7 SInv} (You took it off a wight on level 11 of the Dungeon)
  9359 | D:11     | Noticed a two-headed ogre
  9381 | D:11     | XOM: summons 3 friendly demons
  9393 | D:11     | Killed a two-headed ogre
  9597 | Lair:1   | Entered Level 1 of the Lair of Beasts
  9649 | Lair:1   | Reached skill level 10 in Dodging
  9826 | Lair:1   | XOM: confuse monster(s)
  9882 | Lair:1   | XOM is BORED!
  9882 | Lair:1   | XOM: draining
 10250 | Lair:1   | XOM: scenery: 1 doors open
 10490 | Lair:2   | XOM: enchant monster (good)
 10533 | Lair:2   | Reached XP level 12. HP: 79/88 MP: 10/10
 10732 | Lair:2   | XOM: potion effect (haste)
 11036 | Lair:2   | Found a staircase to the Swamp.
 11157 | Lair:2   | XOM: summons friendly quasit
 11164 | Lair:2   | XOM: cleaving
 11168 | Lair:2   | XOM: divination: detect creatures
 11178 | Lair:2   | XOM: polymorph yak -> basilisk
 11182 | Lair:2   | XOM: give mutations
 11182 | Lair:2   | Gained mutation: Your spells are harder to cast, but more powerful. [Xom's mischief]
 11182 | Lair:2   | Gained mutation: You are dopey. (Int -2) [Xom's mischief]
 11182 | Lair:2   | Lost mutation: Your magical capacity is low. (-10% MP) [Xom's mischief]
 11225 | Lair:2   | XOM: 4-stop teleportation journey
 11272 | Lair:2   | Reached skill level 11 in Dodging
 11473 | Lair:3   | XOM: summons 3 hostile shadow creatures
 11527 | Lair:3   | XOM: enchant monster (bad)
 11542 | Lair:3   | Noticed a seven-headed hydra
 11566 | Lair:2   | XOM: confuse monster(s)
 11597 | Lair:2   | XOM: summons 2 friendly demons
 11604 | Lair:2   | Killed a seven-headed hydra
 11604 | Lair:2   | Reached skill level 1 in Evocations
 11621 | Lair:3   | XOM: summons 12 friendly demons
 11660 | Lair:3   | XOM: summons 2 friendly demons
 11859 | Lair:3   | XOM: cast spell 'Death Channel'
 11875 | Lair:3   | XOM: confuse monster(s)
 12035 | Lair:3   | XOM: confuse monster(s)
 12088 | Lair:3   | Noticed a seven-headed hydra
 12090 | Lair:3   | XOM: polymorph spiny frog -> harpy
 12096 | Lair:3   | Killed a four-headed hydra
 12145 | Lair:3   | XOM: cleaving
 12168 | Lair:3   | XOM: polymorph yak -> guardian serpent
 12409 | Lair:4   | Found a frozen archway.
 12493 | Lair:4   | Reached skill level 12 in Dodging
 12517 | IceCv    | Entered an ice cave
 12533 | IceCv    | XOM: enchant monster (good)
 12547 | IceCv    | Reached XP level 13. HP: 61/98 MP: 15/15
 12563 | IceCv    | XOM: cloud trail
 12640 | IceCv    | XOM: fog
 12642 | IceCv    | XOM: destruction
 12701 | IceCv    | XOM: potion effect (curing)
 12763 | IceCv    | XOM: divination: detect creatures
 12806 | IceCv    | XOM: cloud trail
 12969 | Lair:4   | XOM: cast spell 'Monstrous Menagerie'
 13031 | Lair:4   | Found a staircase to the Snake Pit.
 13031 | Lair:4   | XOM: fog
 13602 | Lair:4   | XOM: medium Fire miscast
 13642 | Lair:4   | XOM: mild Summ miscast
 14030 | Lair:5   | XOM: fog
 14100 | Lair:5   | Found a staircase to the Slime Pits.
 14458 | Lair:5   | XOM: give mutations
 14458 | Lair:5   | Lost mutation: You are dopey. (Int -2) [Xom's grace]
 14458 | Lair:5   | Gained mutation: You can translocate small distances at will. [Xom's grace]
 14547 | Lair:6   | Entered Level 6 of the Lair of Beasts
 14587 | Lair:6   | XOM: summons 7 friendly demons
 14664 | Lair:6   | XOM: scenery: create altars
 14724 | Lair:6   | XOM: scenery: create altars
 14756 | Lair:6   | XOM: polymorph harpy -> rime drake
 14758 | Lair:6   | XOM: potion effect (haste)
 14766 | Lair:6   | Reached skill level 13 in Dodging
 15102 | Lair:6   | Reached skill level 10 in Fighting
 15197 | Lair:6   | XOM: god gift: 3 needles of sleeping
 15219 | Lair:6   | XOM: 1-stop teleportation journey
 15333 | Lair:6   | XOM: cast spell 'Leda's Liquefaction'
 15350 | Lair:6   | XOM: cleaving
 15375 | Lair:6   | XOM: cast spell 'Metabolic Englaciation'
 15393 | Lair:6   | XOM: divination: detect creatures
 15397 | Lair:6   | XOM: potion effect (berserk rage)
 15404 | Lair:6   | XOM: confuse monster(s)
 15572 | Lair:6   | Reached XP level 14. HP: 73/113 MP: 17/17
 15599 | Lair:6   | XOM: silly message
 15825 | Lair:6   | XOM: harmless Chrm miscast
 15924 | Lair:6   | XOM: god gift: 24 gold pieces
 16268 | D:12     | Found a staircase to the Orcish Mines.
 16323 | D:12     | Reached skill level 5 in Armour
 16351 | D:12     | Noticed a storm dragon
 16351 | D:12     | an eight-headed hydra changed into a storm dragon
 16361 | D:12     | XOM: summons 2 friendly demons
 16364 | D:12     | XOM: summons friendly iron imp
 16381 | D:12     | Killed a storm dragon
 16459 | D:12     | Reached skill level 14 in Dodging
 16540 | D:12     | XOM: summons friendly white imp
 16541 | D:12     | XOM: enchant monster (good)
 16563 | D:12     | XOM: confuse monster(s)
 16568 | D:12     | XOM: fog
 16631 | D:12     | Noticed Urug
 16641 | D:12     | XOM: cast spell 'Summon Ice Beast'
 16654 | D:12     | Killed Urug
 16769 | D:12     | XOM: potion effect (agility)
 16913 | D:12     | Found a portal to a secret trove of treasure.
 17202 | D:13     | XOM is BORED!
 17202 | D:13     | XOM: noise
 17481 | D:13     | XOM: harmless Divn miscast
 17538 | D:13     | XOM: divination: detect items
 17554 | D:13     | XOM: harmless Necr miscast
 17555 | D:13     | XOM: harmless Tloc miscast
 17702 | D:13     | XOM: silly message
 17930 | D:13     | XOM is BORED!
 17930 | D:13     | XOM: mild Air miscast
 18133 | D:13     | Found a gate to the Vaults.
 18254 | Orc:1    | Entered Level 1 of the Orcish Mines
 18266 | Orc:1    | Noticed Laan's ghost (adept NaFE)
 18535 | Orc:1    | XOM: divination: detect items
 18769 | Orc:1    | XOM: cast spell 'Summon Butterflies'
 18776 | Orc:1    | XOM: divination: detect items
 18941 | D:13     | Reached skill level 15 in Dodging
 18951 | D:14     | XOM: noise
 18974 | D:14     | XOM: harmless Pois miscast
 18993 | D:13     | XOM: noise
 19199 | D:14     | XOM: chaos upgrade
 19205 | D:14     | XOM: chaos upgrade
 19236 | D:14     | XOM: torment (58/113 hp)
 19238 | D:14     | XOM: 3-stop teleportation journey
 19250 | D:14     | XOM: 4-stop teleportation journey
 19267 | D:14     | XOM: medium Fire miscast
 19293 | D:14     | XOM: divination: magic mapping
 19338 | D:14     | XOM: summons 4 friendly demons
 19350 | D:14     | Reached skill level 5 in Shields
 19366 | D:14     | XOM is BORED!
 19366 | D:14     | XOM: give mutations
 19366 | D:14     | Gained mutation: You occasionally shout uncontrollably at your foes. [Xom's mischief]
 19366 | D:14     | Gained mutation: You are dopey. (Int -2) [Xom's mischief]
 19393 | D:14     | XOM: divination: magic mapping
 19509 | D:14     | XOM: summons 2 hostile demons
 19751 | D:15     | Entered Level 15 of the Dungeon
 19792 | D:14     | XOM: harmless Ice miscast
 19797 | D:14     | XOM: noise
 19817 | D:15     | XOM: mild Necr miscast
 19953 | D:15     | XOM: severe Pois miscast
 19987 | D:15     | XOM: blink monster(s)
 20001 | D:15     | XOM: scenery: 1 doors open
 20019 | D:15     | Reached XP level 15. HP: 118/118 MP: 18/18
 20033 | D:15     | XOM: scenery: 1 doors open, 1 doors close
 20182 | D:15     | XOM: summons friendly iron imp
 20293 | D:15     | XOM: enchant monster (good)
 20315 | D:15     | XOM: polymorph iron imp -> crimson imp
 20353 | D:15     | XOM: cast spell 'Summon Mana Viper'
 20393 | D:15     | XOM: harmless Tmut miscast
 20483 | D:15     | XOM: silly message
 20584 | D:15     | Found a staircase to the Depths.
 20683 | D:15     | Reached skill level 16 in Dodging
 20878 | Orc:1    | XOM: butterfly on damage
 20939 | D:12     | XOM: give mutations
 20939 | D:12     | Gained mutation: Your body sometimes deteriorates upon taking damage. [Xom's mischief]
 20939 | D:12     | Lost mutation: Your spells are harder to cast, but more powerful. [Xom's mischief]
 20939 | D:12     | Gained mutation: You are clumsy. (Dex -2) [Xom's mischief]
 20939 | D:12     | Gained mutation: Your body often deteriorates upon taking damage. [Xom's mischief]
 21092 | Orc:1    | XOM: summons 2 hostile shadow creatures
 21235 | Orc:2    | Entered Level 2 of the Orcish Mines
 21235 | Orc:2    | Found a staircase to the Elven Halls.
 21361 | Orc:2    | XOM: scenery: create altars
 21368 | Orc:2    | XOM: smoke on damage
 21379 | Orc:2    | XOM: divination: detect items
 21551 | Orc:2    | XOM: mild Necr miscast
 21557 | Orc:2    | XOM: potion effect (curing)
 21558 | Orc:2    | XOM: divination: detect creatures
 21562 | Orc:2    | XOM: polymorph orc knight -> torpor snail
 21673 | Orc:2    | XOM: smoke on damage
 21815 | Orc:2    | XOM: enchant monster (bad)
 21859 | Orc:2    | XOM: medium Pois miscast
 21975 | Orc:2    | XOM: medium Necr miscast
 22053 | Orc:2    | XOM: enchant monster (bad)
 22143 | Orc:2    | Found Eloles's Book Emporium.
 22143 | Orc:2    | Found Waliroc's Food Boutique.
 22162 | Orc:2    | XOM: summons friendly crimson imp
 22169 | Orc:2    | XOM: confuse monster(s)
 22222 | Orc:2    | XOM: noise
 22248 | Orc:2    | XOM: draining
 22253 | Orc:2    | XOM: 1-stop teleportation journey
 22315 | Orc:2    | XOM: give mutations
 22315 | Orc:2    | Lost mutation: Your spells are a little harder to cast, but a little more powerful. [Xom's mischief]
 22315 | Orc:2    | Lost mutation: You have sharp toenails. [Xom's mischief]
 22315 | Orc:2    | Gained mutation: You are resistant to hostile enchantments. (MR+) [Xom's mischief]
 22315 | Orc:2    | Lost mutation: You occasionally shout uncontrollably at your foes. [Xom's mischief]
 22415 | Orc:2    | XOM: summons 4 hostile shadow creatures
 22426 | Orc:2    | XOM: fake destruction
 22427 | Orc:2    | Slain by an ogre

Vault maps used:
D:1:      dpeg_arrival_ternary
D:3:      chequers_ecumenical_altar_lobes, minmay_misc_feat_pillars,
          uniq_natasha, uniq_jessica
D:4:      kennysheep_mini_moat, gup_sewer_entry_pipe, serial_shops,
          kennysheep_mini, first_bread
D:5:      nicolae_underground_beach
D:6:      minmay_temple_entry_large_hall, serial_park, serial_park_square2,
          serial_park_paths, serial_park_square2, serial_park_tiny_1
D:7:      grunt_ogre_cave
D:8:      chequers_temple_overflow_minitemple, st_stairs_1,
          minmay_misc_feat_tower
D:9:      minitemple, erik_lair_orcish_takeover, library_closet
D:10:     serial_shops, nicolae_shop_statue_plus, shop,
          nicolae_shop_behind_doors,
          nicolae_shop_temple_entry_statues_fountains, shop_fountains,
          hangedman_weighted_door
D:11:     serial_shops, shop_fountains, grunt_ministairs_10, uniq_fannar
D:12:     orc_0_dummy, nicolae_trove_entry_columns, uniq_urug
D:13:     david_vaults_5
D:14:     hex_tiny
D:15:     grunt_enter_depths_snipers, serial_column_ruins,
          column_ruins_columns_straight, column_ruins_open_tiny,
          column_ruins_open_tiny, column_ruins_columns_straight,
          minmay_misc_feat_four_crosses, roderic_cross_of_infinity,
          minmay_statue_bubble
Lair:2:   nicolae_swamp_entry_splash_gauntlet
Lair:3:   kennysheep_catoblepas_arena
Lair:4:   guppyfry_snake_entry_island, portal_ice_cave_rime, serial_bayou_lake_a
Lair:5:   slime_dummy, grunt_megastairs_1
Lair:6:   gammafunk_lair_ancient_temple
Orc:1:    guppyfry_library_mini
Orc:2:    st_orc_town
Sewer:    kennysheep_door_sewer
IceCv:    ice_cave_statue_garden_chambered

Skill      XL: |  1  2  3  4  5  6  7  8  9 10 11 12 13 14 15 |
---------------+----------------------------------------------+-----
Stealth        | 1 2 3 4 |  4.5
Fighting       | 3 4 6 7 11 | 11.0
Long Blades    | 4 5 6 8 10 11 13 14 | 14.2
Dodging        | 3 4 6 7 9 10 12 13 15 16 | 16.1
Necromancy     | 1 3 5 |  5.2
Shields        | 3 4 5 7 |  7.9
Armour         | 1 4 7 |  7.3
Evocations     | 3 4 |  4.3

Action                   |  1- 3 |  4- 6 |  7- 9 | 10-12 | 13-15 || total
-------------------------+-------+-------+-------+-------+-------++-------
Melee: Falchion          |   107 |   170 |    80 |       |       ||   357
       Bite              |    12 |    27 |    66 |   106 |   297 ||   508
       Scimitar          |       |       |   340 |   789 |   583 ||  1712
       Short sword       |       |       |       |    17 |       ||    17
       Demon blade       |       |       |       |     8 |  1282 ||  1290
Throw: Tomahawk          |       |       |    58 |       |       ||    58
 Cast: Animate Skeleton  |       |     1 |    10 |     2 |       ||    13
Evoke: Wand              |       |     1 |     5 |    18 |     8 ||    32
  Use: Potion            |     6 |     9 |    20 |    33 |    52 ||   120
       Scroll            |       |       |    19 |    10 |    13 ||    42
 Stab: Sleeping          |     4 |     8 |     1 |       |       ||    13
       Distracted        |     1 |       |     2 |     4 |     3 ||    10
       Confused          |       |     2 |     3 |     5 |     6 ||    16
       Paralysed         |       |     1 |       |     1 |       ||     2
       Invisible         |       |       |       |     3 |     2 ||     5
Armor: Leather armour    |    33 |    28 |       |       |       ||    61
       Ring mail         |    17 |    10 |       |       |       ||    27
       Pearl dragon scal |       |     7 |   215 |    43 |       ||   265
       Plate armour      |       |       |       |   238 |   606 ||   844
Dodge: Dodged            |    83 |   115 |   262 |   311 |   876 ||  1647
Block: Buckler           |       |       |    62 |   150 |   224 ||   436
       Large shield      |       |       |       |       |   414 ||   414
       Rpst.: Falchion   |    17 |    31 |    15 |       |       ||    63
       Scimitar          |       |       |    74 |    95 |    68 ||   237
       Demon blade       |       |       |       |     4 |   139 ||   143
